 Dungeon Crawl Stone Soup version 0.30-a0-778-g2ef04afb54 (webtiles) character file.

Game seed: 12431446873909911021

37 sanka the Trooper (level 3, -4/29 HPs)
             Began as a Mummy Chaos Knight on Feb 17, 2023.
             Was a Plaything of Xom.
             Slain by a goblin
             ... wielding a +2 dagger of distortion
              (18 damage)
             ... on level 2 of the Dungeon.
             The game lasted 00:01:36 (862 turns).

sanka the Trooper (Mummy Chaos Knight)               Turns: 862, Time: 00:01:36

Health: -4/29      AC:  5    Str: 17    XL:     3   Next: 23%
Magic:  3/3        EV: 11    Int: 11    God:    Xom [.*....]
Gold:   77         SH:  0    Dex: 11    Spells: 2/2 levels left

rFire   x . .      SeeInvis .    a - +1 war axe (elec)
rCold   + . .      Faith    +    (no shield)
rNeg    + + +      Spirit   .    b - +2 leather armour
rPois   ∞          Reflect  .    (no helmet)
rElec   .          Harm     .    (no cloak)
rCorr   .          Rampage  .    (no gloves)
Will    .....                    (no boots)
Stlth   +                        (no amulet)
HPRegen 0.24/turn                (no ring)
MPRegen 0.08/turn                (no ring)

@: no status effects
A: cold resistance 1, negative energy resistance 3, torment resistance 2, heat
vulnerability 1, in touch with death 1, no potions, faith
a: Renounce Religion


You were on level 2 of the Dungeon.
You worshipped Xom.
You were a plaything of Xom.
You visited 1 branch of the dungeon, and saw 2 of its levels.

You collected 77 gold pieces.


Innate Abilities, Weirdness & Mutations

You are immune to poison.
Your flesh is cold resistant. (rC+)
You are immune to negative energy. (rN+++)
You are immune to unholy pain and torment.
You are vulnerable to heat. (rF-)
You are in touch with the powers of death.
You do not drink.
You have a special connection with the divine. (Faith)


   Skills:
 - Level 3.0 Fighting
 + Level 1.7(2.6) Axes
 - Level 3.0(3.2) Maces & Flails
 - Level 1.5 Armour
 - Level 0.7 Dodging


You had 2 spell levels left.
You didn't know any spells.
Your spell library contained the following spells:

 Spells                   Type           Power      Damage    Failure   Level
 Slow                     Hex            0%         N/A       38%         1
 Confusing Touch          Hex            0%         N/A       77%         3
 Gell's Gravitas          Tloc           0%         N/A       77%         3
 Teleport Other           Tloc           0%         N/A       77%         3
 Vampiric Draining        Necr           0%         2d6       77%         3
 Dispersal                Tloc           0%         N/A       100%        6

Inventory:

Hand Weapons
 a - a +1 war axe of electrocution (weapon)
 f - a +0 mace of chaos
Armour
 b - a +2 leather armour (worn)
Scrolls
 d - 2 scrolls of noise {unknown}
 e - 2 scrolls of teleportation {unknown}
 g - a scroll of magic mapping {unknown}
 h - 2 scrolls of poison {unknown}
Miscellaneous
 c - a piece from Xom's chessboard (15/15) (quivered)

Dungeon Overview and Level Annotations

Branches:
Dungeon (2/15)

Altars:

▒.....<......▒▒.....▒
▒.....▒▒.....▒▒.....▒
▒▒▒▒+▒ ▒.▒....▒.....▒
▒.▒.▒▒.▒.....▒
▒.▒....).....▒
▒.▒▒▒▒.......▒
▒▒+▒▒▒......▒.....▒
▒.......▒▒..▒.....▒
▒...M...▒▒..▒▒....+
▒....g..▒▒..▒ ▒...▒
▒.......+...▒ ...▒
▒.......▒▒▒.▒ ...▒
▒?...!..▒ ▒.▒
▒▒▒▒▒▒▒▒▒ +▒


You could see a goblin.


Message History

You open the door.
There is an open door here.
As you open the door, it creaks loudly!
There is an open door here.
You see here a +0 whip.
A goblin comes into view.
It is wielding a +2 dagger of distortion.
Found a golden potion and a scroll labelled YFEOQA KOIQOI.
The goblin hits you but does no damage. Space warps around you.
Unknown command.
The goblin closely misses you.
Unknown command.
Unknown command.
The goblin closely misses you.
You closely miss the goblin.
The goblin hits you with a +2 dagger of distortion.
You blink.
You hit the goblin.
The goblin is severely wounded.
The goblin misses you.
The goblin hits you with a +2 dagger of distortion.
Space warps around you.
Unknown command.
The goblin closely misses you. The goblin attacks as you move away!
The goblin hits you with a +2 dagger of distortion.
* * * LOW HITPOINT WARNING * * *
Space warps horribly around you!!
Ouch! That really hurt!
You die...

Action                     || total
---------------------------++-------
  Melee: Mace              ||    21
         Punch             ||     3
         War axe           ||    45
 Armour: Leather armour    ||    32
  Dodge: Dodged            ||    40

Levels and vault maps discovered:
D:1:      mrwooster_arrival_statue_2, layout_loops_ring,
          hellmonk_ecumenical_altar_heavens_door, minmay_tetromino_i2
D:2:      layout_basic

Notes
Turn   | Place    | Note
-------+----------+-------------------------------------------
     0 | D:1      | sanka the Mummy Chaos Knight began the quest for the Orb.
     0 | D:1      | Reached XP level 1. HP: 18/18 MP: 1/1
   185 | D:1      | XOM: silly message
   290 | D:1      | Found a faded altar of an unknown god.
   294 | D:1      | Reached skill level 3 in Maces & Flails
   294 | D:1      | Reached XP level 2. HP: 24/24 MP: 2/2
   474 | D:1      | Reached skill level 1 in Axes
   704 | D:2      | Gained mutation: You are in touch with the powers of death.
                  | [Mummy growth]
   704 | D:2      | Reached XP level 3. HP: 26/29 MP: 3/3
   862 | D:2      | Slain by a goblin

Vanquished Creatures
  A worm (D:2)
  4 bats
  4 endoplasms (D:1)
  A giant cockroach (D:2)
  7 hobgoblins
  2 jackals (D:2)
  A kobold (D:1)
  2 ball pythons (D:1)
  3 frilled lizards (D:1)
  2 goblins
  4 rats
31 creatures vanquished.
